 Dungeon Crawl Stone Soup version 0.28.0-43-g3370ac3207 (webtiles) character file.

Game seed: 12517516399758850504

177 Peloso the Slasher (level 5, 0/46 HPs)
             Began as a Minotaur Fighter on Mar 6, 2022.
             Slain by Ijyb
             ... wielding a +0 club
              (1 damage)
             ... on level 3 of the Dungeon.
             The game lasted 00:03:31 (2302 turns).

Peloso the Slasher (Minotaur Fighter)               Turns: 2302, Time: 00:03:32

Health: 0/46       AC: 10    Str: 21    XL:     5   Next: 31%
Magic:  4/4        EV:  7    Int:  5    God:
Gold:   68         SH:  4    Dex: 11    Spells: 4/4 levels left

rFire   + . .      SeeInvis .   a - +0 long sword
rCold   + . .      Faith    .   c - +0 buckler
rNeg    + . .      Spirit   .   e - +1 chain mail {rN+}
rPois   .          Reflect  .   (helmet restricted)
rElec   .          Harm     .   h - scarf {rC+ rF+}
rCorr   .          Rampage  .   (no gloves)
Will    .....                   (no boots)
Stlth   ..........              (no amulet)
HPRegen 0.15/turn               (no ring)
MPRegen 0.09/turn               (no ring)

@: attractive, flying
A: horns 2, retaliatory headbutt
a: no special abilities


You were on level 3 of the Dungeon.
You visited 1 branch of the dungeon, and saw 3 of its levels.

You collected 68 gold pieces.

Inventory:

Hand Weapons
 a - a +0 long sword (weapon)
Armour
 b - a +0 scale mail
 c - a +0 buckler (worn)
 e - a +1 chain mail of positive energy (worn)
 h - a scarf of resistance (worn)
Jewellery
 f - a ring of protection from fire
Scrolls
 g - a scroll of enchant weapon {unknown}
 l - 3 scrolls of amnesia {unknown}
 m - a scroll of noise {unknown}
Potions
 d - a potion of might
 i - a potion of flight


   Skills:
 + Level 4.1 Fighting
 + Level 4.9 Long Blades
 + Level 4.7 Armour
 + Level 1.0 Dodging
 + Level 0.2 Stealth
 + Level 4.2 Shields


You had 4 spell levels left.
You didn't know any spells.
Your spell library contained the following spells:

 Spells                   Type           Power      Damage    Failure   Level
 Beastly Appendage        Tmut           0%         N/A       99%         1
 Sandblast                Erth           0%         2d4       99%         1
 Passwall                 Tmut/Erth      0%         N/A       100%        2
 Static Discharge         Conj/Air       0%         N/A       100%        2
 Wereblood                Tmut           0%         N/A       100%        2
 Spider Form              Tmut/Pois      0%         N/A       100%        3
 Stone Arrow              Conj/Erth      0%         3d7       100%        3
 Dispel Undead            Necr           0%         3d6       100%        4
 Sticky Flame             Conj/Fire      0%         2d3       100%        4


Dungeon Overview and Level Annotations

Branches:
Dungeon (3/15)

Altars:

Annotations:
D:3 Ijyb


Innate Abilities, Weirdness & Mutations

You have a pair of horns on your head.
You reflexively headbutt those who attack you in melee.


Message History

There is a stone staircase leading down here.
You climb downwards.
Level annotation: Ijyb
There is a stone staircase leading up here.
Things that are here:
a +0 club; a jackal skeleton
Items here: ))))) †.
There are monsters nearby!
Ijyb zaps a wand.
The mass of ice explodes!
The iceblast engulfs you! You partially resist.
The orc hits you but does no damage.
You hear a shout!
Ijyb zaps a wand.
The mass of ice explodes!
The iceblast engulfs you! You partially resist.
The iceblast engulfs the orc!
The orc dies!
Ijyb zaps a wand.
The mass of ice explodes!
The iceblast engulfs you. You partially resist.
You see here a +0 trident.
Ijyb zaps a wand.
The mass of ice explodes!
The iceblast engulfs you. You partially resist.
Ijyb zaps a wand.
The mass of ice explodes!
The iceblast engulfs you. You partially resist.
* * * LOW HITPOINT WARNING * * *
You aren't carrying any items that you can evoke.
Unknown command.
It was a potion of flight.
You feel very buoyant.
You fly up into the air.
Ijyb zaps a wand.
The mass of ice explodes!
The iceblast engulfs you! You partially resist.
* * * LOW HITPOINT WARNING * * *
You closely miss Ijyb. You headbutt Ijyb.
Ijyb is lightly wounded.
Ijyb hits you with a +0 club.
* * * LOW HITPOINT WARNING * * *
You barely miss Ijyb.
Ijyb is lightly wounded.
You block Ijyb's attack.
It was a potion of attraction.
You feel attractive to monsters. Ijyb hits you with a +0 club.
You die...

...............#
...............#
...............#
...........÷....# #
............)...# .#
..#............## #.#
##.........)....#######.o##
#.........................[
#.............@.......#
#.............g..###..###
#....)...........# #.o..#
#................####.#.#
#.................# #o# ..
##..............#.# #)# ...
##.....##.....##.#
#.#####..
##....###)#####.###o.......
###..# #)# #K##..o......


You could see Ijyb.

Vanquished Creatures
  Jessica (D:2)
  Terence (D:2)
  An orc wizard (D:3)
  4 adders (D:2)
  A dart slug (D:1)
  7 orcs (D:3)
  3 bats (D:1)
  2 endoplasms
  3 giant cockroaches
  11 goblins
  4 hobgoblins
  2 jackals (D:3)
  4 kobolds
  2 quokkas
  3 ball pythons
  2 frilled lizards
  4 rats
55 creatures vanquished.

Vanquished Creatures (others)
  An orc (D:3)
1 creature vanquished.

Grand Total: 56 creatures vanquished

Notes
Turn   | Place    | Note
-------+----------+-------------------------------------------
     0 | D:1      | Peloso the Minotaur Fighter began the quest for the Orb.
     0 | D:1      | Reached XP level 1. HP: 19/19 MP: 0/0
   123 | D:1      | Found a faded altar of an unknown god.
   216 | D:1      | Reached XP level 2. HP: 26/26 MP: 1/1
  1055 | D:2      | Noticed Jessica
  1062 | D:2      | Killed Jessica
  1063 | D:2      | Reached XP level 3. HP: 28/33 MP: 2/2
  1234 | D:2      | Reached XP level 4. HP: 28/40 MP: 3/3
  1727 | D:3      | Noticed Ijyb
  1888 | D:3      | Reached XP level 5. HP: 32/46 MP: 4/4
  1904 | D:3      | Noticed Terence
  1916 | D:2      | Killed Terence
  2077 | D:3      | Reached skill level 1 in Dodging
  2300 | D:3      | HP: 1/46 [Ijyb/+0 club (4)]
  2302 | D:3      | Slain by Ijyb

Illustrated notes

Levels and vault maps discovered:
D:1:      dpeg_arrival_round_c, layout_basic, serial_glass, glass_columns_a,
          glass_columns_c, ebering_ecumenical_altar_mist
D:2:      layout_rooms, wander_ebering_terrifying_dragon_lair, uniq_jessica
D:3:      layout_rooms, uniq_sigmund, uniq_robin, uniq_ijyb, uniq_terence,
          uniq_crazy_yiuf_cottage

Skill      XL: |  1  2  3  4  5 |
---------------+----------------+-----
Armour         | 4 |  4.7
Long Blades    | 3 4 |  4.9
Shields        | 4 |  4.2
Fighting       | 4 |  4.1
Dodging        | 1 |  1.0
Stealth        | |  0.2

Action                   |  1- 3 |  4- 6 || total
-------------------------+-------+-------++-------
Melee: Long sword        |    62 |    65 ||   127
       Headbutt          |     3 |    13 ||    16
  Use: Scroll            |       |     2 ||     2
       Potion            |       |     2 ||     2
Armor: Scale mail        |    38 |    24 ||    62
       Chain mail        |       |    10 ||    10
Dodge: Dodged            |    34 |    41 ||    75
Block: Buckler           |    13 |    16 ||    29
